 Dungeon Crawl Stone Soup version 0.19.5 (webtiles) character file.

281 Nelagord the Sneak (level 6, -1/46 HPs)
             Began as a Human Assassin on Mar 15, 2017.
             Slain by an adder (5 damage)
             ... on level 4 of the Dungeon.
             The game lasted 00:06:12 (2447 turns).

Nelagord the Sneak (Human Assassin)                 Turns: 2447, Time: 00:06:12

Health: -1/46      AC:  4    Str: 12    XL:     6   Next: 53%
Magic:  6/6        EV: 12    Int: 11    God:
Gold:   22         SH:  0    Dex: 16    Spells: 0 memorised, 5 levels left

rFire  . . .     SeeInvis .     k - +1 scythe (slice)
rCold  . . .     Gourm    .     i - +0 leather armour
rNeg   . . .     Faith    .     (shield currently unavailable)
rPois  .         Spirit   .     (no helmet)
rElec  .         Reflect  .     d - +0 cloak
rCorr  .         Harm     .     (no gloves)
MR     .....                    (no boots)
Stlth  +++.......               (no amulet)
                                (no ring)
                                (no ring)

@: lethally poisoned (-1 -> -7)
A: no striking features
a: no special abilities


You were on level 4 of the Dungeon.
You were very hungry.

You visited 1 branch of the dungeon, and saw 4 of its levels.

You collected 22 gold pieces.

Inventory:

Hand Weapons
 a - a +2 dagger
 b - a +0 blowgun
 k - a +1 scythe of slicing (weapon)
Missiles
 e - 8 poisoned needles
 f - 2 curare-tipped needles
Armour
 c - a +0 robe
 d - a +0 cloak (worn)
 i - a +0 leather armour (worn)
 l - a +1 robe of positive energy
Jewellery
 r - an uncursed ring of stealth {unknown}
Scrolls
 j - 2 scrolls of magic mapping {unknown}
 m - 2 scrolls of identify {unknown}
 q - a scroll of teleportation {unknown}
Potions
 o - a potion of curing
Comestibles
 g - a bread ration
 p - a beef jerky


   Skills:
 + Level 2.7 Fighting
 + Level 2.9 Short Blades
 + Level 1.2 Polearms
 + Level 2.2 Throwing
 + Level 0.8 Armour
 + Level 2.2 Dodging
 + Level 6.2 Stealth


You had 5 spell levels left.
You didn't know any spells.

Dungeon Overview and Level Annotations

Branches:
Dungeon (4/15)
 Temple: D:4-7

Altars:

Annotations:
D:3 Grinder; Nelagord's ghost, amateur HuFi


Message History

* * * LOW HITPOINT WARNING * * *
The adder barely misses you. The adder bites you.
* * * LOW HITPOINT WARNING * * *
You are lethally poisoned!
The adder poisons you!
You are feeling very hungry.
You barely miss the adder.
* * * LOW HITPOINT WARNING * * *
You feel sick. The adder completely misses you. The adder closely misses you.
You hit the adder.
The adder is heavily wounded.
* * * LOW HITPOINT WARNING * * *
You feel sick. The adder closely misses you.
The adder bites you but does no damage.
You barely miss the adder.
The adder is heavily wounded.
* * * LOW HITPOINT WARNING * * *
You feel sick. The adder barely misses you.
The adder bites you but does no damage. The adder bites you.
You die...

##...#.##
#.......
#......
.....
#... #
###..##.#
#...<)..#
#.##S####
#@# #.#
..# ##.#
... ...
... ##.##


You could see an adder.

Vanquished Creatures
  Sigmund (D:2)
  Ijyb (D:2)
  A worker ant (D:4)
  3 adders
  A dart slug (D:1)
  2 leopard geckos (D:2)
  A ball python (D:1)
  7 bats
  3 giant cockroaches
  3 goblins
  6 hobgoblins
  6 jackals
  2 frilled lizards
  7 kobolds
  4 rats
48 creatures vanquished.

Notes
Turn   | Place    | Note
-------+----------+-------------------------------------------
     0 | D:1      | Nelagord the Human Assassin began the quest for the Orb.
     0 | D:1      | Reached XP level 1. HP: 16/16 MP: 1/1
   127 | D:1      | Reached XP level 2. HP: 22/22 MP: 2/2
   470 | D:1      | Reached XP level 3. HP: 27/27 MP: 3/3
   820 | D:2      | Noticed Sigmund
   840 | D:2      | Killed Sigmund
   840 | D:2      | Reached skill level 5 in Stealth
   840 | D:2      | Reached XP level 4. HP: 17/34 MP: 4/4
   840 | D:2      | Reached XP level 5. HP: 20/39 MP: 5/5
  1015 | D:2      | Reached skill level 6 in Stealth
  1095 | D:2      | Reached XP level 6. HP: 46/46 MP: 6/6
  1216 | D:2      | Noticed Ijyb
  1232 | D:2      | Killed Ijyb
  2096 | D:3      | Noticed Nelagord's ghost (amateur HuFi)
  2416 | D:2      | Reached skill level 1 in Polearms
  2426 | D:3      | Noticed Grinder
  2447 | D:4      | Slain by an adder

Skill      XL: |  1  2  3  4  5  6 |
---------------+-------------------+-----
Dodging        | 2 |  2.2
Stealth        | 5 6 |  6.2
Polearms       | 1 |  1.2
Fighting       | |  2.7
Short Blades   | |  2.9
Throwing       | |  2.2
Armour         | |  0.8

Action                   |  1- 3 |  4- 6 || total
-------------------------+-------+-------++-------
Melee: Dagger            |    71 |     6 ||    77
       Whip              |     4 |       ||     4
       Scythe            |       |    95 ||    95
  Use: Scroll            |     2 |       ||     2
       Potion            |       |     6 ||     6
 Stab: Sleeping          |    10 |     1 ||    11
  Eat: Bread ration      |       |     1 ||     1
Armor: Robe              |    10 |     1 ||    11
       Leather armour    |       |    48 ||    48
Dodge: Dodged            |    32 |   108 ||   140
